PIO (24 & UNDER)
SASKATOON SMOKIN' GUNS @ COLORADO COMMANDERS
07/28/2028
 
TOP OF THE 1ST
Saskatoon Smokin' Guns batting - Pitching for Colorado Commanders : LHP Manuel Reyes
Pitching: LHP Manuel Reyes
Batting: RHB Pedro Cabrera 0-0: Ball
1-0: Ground out 6-3 (Groundball, 6)
Batting: RHB Julián García 0-0: Foul Ball, location: 2F
0-1: Foul Ball, location: 2F
0-2: Ball
1-2: Ball
2-2: Foul Ball, location: 2F
2-2: Ball
3-2: Foul Ball, location: 2F
3-2: Foul Ball, location: 2F
3-2: Base on Balls
Batting: RHB Joaquín Luna 0-0: Ball
1-0: Ball
2-0: Fielders Choice at 2nd, 4-6 (Groundball, 4M)
Batting: LHB Bo Rush 0-0: Called Strike
0-1: Called Strike
Joaquín Luna steals 2nd base
0-2: Ball
1-2: Ball
2-2: 2-RUN HOME RUN (Flyball, 9D), Distance : 368 ft
Batting: RHB Rafael Gonzáles 0-0: Called Strike
0-1: Ball
1-1: Foul Ball, location: 2F
1-2: Ground out 1-3 (Groundball, 15S)
Top of the 1st over - 2 run(s), 1 hit(s), 0 error(s), 0 left on base; Saskatoon 2 - Colorado 0
BOTTOM OF THE 1ST
Colorado Commanders batting - Pitching for Saskatoon Smokin' Guns : RHP José Fernández
Pitching: RHP José Fernández
Batting: RHB Tony Barton 0-0: Ball
1-0: Called Strike
1-1: Swinging Strike
1-2: Fly out, F9 (Flyball, 9)
Batting: RHB Mike Martin 0-0: Ball
1-0: Ball
2-0: Called Strike
2-1: Ball
3-1: Foul Ball, location: 2F
3-2: Strikes out swinging
Batting: LHB Arturo Rodledo 0-0: Called Strike
0-1: Fly out, F4 (Popup, 4D)
Bottom of the 1st over - 0 run(s), 0 hit(s), 0 error(s), 0 left on base; Saskatoon 2 - Colorado 0
TOP OF THE 2ND
Saskatoon Smokin' Guns batting - Pitching for Colorado Commanders : LHP Manuel Reyes
Batting: LHB Rubén Salazar 0-0: Ball
1-0: Ball
2-0: DOUBLE (Line Drive, 9LD)
Batting: LHB José Domínguez 0-0: Ball
1-0: Ball
2-0: Swinging Strike
2-1: Foul Ball, location: 2F
2-2: Foul Ball, location: 2F
2-2: Strikes out looking
Batting: RHB Johnny Hawson 0-0: Called Strike
0-1: Hit by Pitch
Batting: RHB Artie Turner 0-0: Fly out, F8 (Flyball, 8RS)
Batting: RHB Pedro Cabrera 0-0: Ball
1-0: Ball
2-0: Foul Ball, location: 2F
2-1: Ball
3-1: Base on Balls
Rubén Salazar to third
Johnny Hawson to second
Batting: RHB Julián García 0-0: Ball
1-0: Ball
2-0: Ball
3-0: Called Strike
3-1: Foul Ball, location: 2F
3-2: Ground out 4-3 (Groundball, 4)
Top of the 2nd over - 0 run(s), 1 hit(s), 0 error(s), 3 left on base; Saskatoon 2 - Colorado 0
BOTTOM OF THE 2ND
Colorado Commanders batting - Pitching for Saskatoon Smokin' Guns : RHP José Fernández
Batting: LHB Luis Torres 0-0: Ground out 4-3 (Groundball, 4)
Batting: RHB Frank Martínez 0-0: Fly out, F7 (Flyball, 78D)
Batting: RHB Alberto Soto 0-0: Ball
1-0: Called Strike
1-1: Called Strike
1-2: Ball
2-2: Ball
3-2: Base on Balls
Batting: SHB Ed Dundee 0-0: Swinging Strike
0-1: Ball
1-1: Called Strike
Alberto Soto steals 2nd base
1-2: Strikes out swinging
Bottom of the 2nd over - 0 run(s), 0 hit(s), 0 error(s), 1 left on base; Saskatoon 2 - Colorado 0
TOP OF THE 3RD
Saskatoon Smokin' Guns batting - Pitching for Colorado Commanders : LHP Manuel Reyes
Batting: RHB Joaquín Luna 0-0: Ball
1-0: Ball
2-0: Foul Ball, location: 2F
2-1: Ball
3-1: Base on Balls
Batting: LHB Bo Rush 0-0: SINGLE (Groundball, 34D)
Joaquín Luna to second
Runner from 2nd tries for 3rd, SAFE, no throw
Batting: RHB Rafael Gonzáles 0-0: Ball
1-0: Ball
2-0: Fielders Choice at 2nd, 5-4 (Groundball, 56)
Joaquín Luna scores
Batting: LHB Rubén Salazar 0-0: Called Strike
0-1: Ball
1-1: Swinging Strike
1-2: Strikes out swinging
Batting: LHB José Domínguez 0-0: Fly out, F7 (Flyball, 7S)
Top of the 3rd over - 1 run(s), 1 hit(s), 0 error(s), 1 left on base; Saskatoon 3 - Colorado 0
BOTTOM OF THE 3RD
Colorado Commanders batting - Pitching for Saskatoon Smokin' Guns : RHP José Fernández
Batting: RHB Adam Reeves 0-0: Foul Ball, location: 2F
0-1: Foul Ball, location: 2F
0-2: Reached on error, E5 (Line Drive, 5L)
Batting: RHB Carl O'Dell 0-0: Foul Ball, location: 2F
0-1: Ball
1-1: Foul Ball, location: 2F
1-2: Strikes out swinging
Batting: RHB Tony Barton 0-0: Ball
1-0: Foul Ball, location: 2F
1-1: Called Strike
1-2: Ball
Adam Reeves is caught stealing 2nd base
2-2: Ground out 5-3 (Groundball, 56S)
Bottom of the 3rd over - 0 run(s), 0 hit(s), 1 error(s), 0 left on base; Saskatoon 3 - Colorado 0
TOP OF THE 4TH
Saskatoon Smokin' Guns batting - Pitching for Colorado Commanders : LHP Manuel Reyes
Batting: RHB Johnny Hawson 0-0: Fly out, F5 (Popup, 5L)
Batting: RHB Artie Turner 0-0: Called Strike
0-1: Ball
1-1: DOUBLE (Flyball, 8RXD)
Batting: RHB Pedro Cabrera 0-0: Ball
1-0: Foul Ball, location: 2F
1-1: Swinging Strike
1-2: Ball
2-2: Ball
3-2: Base on Balls
Batting: RHB Julián García 0-0: Ball
1-0: Foul Ball, location: 2F
1-1: Ball
2-1: Foul Ball, location: 2F
2-2: Foul Ball, location: 2F
2-2: Strikes out swinging
Batting: RHB Joaquín Luna 0-0: Fly out, F9 (Flyball, 9LM)
Top of the 4th over - 0 run(s), 1 hit(s), 0 error(s), 2 left on base; Saskatoon 3 - Colorado 0
BOTTOM OF THE 4TH
Colorado Commanders batting - Pitching for Saskatoon Smokin' Guns : RHP José Fernández
Batting: RHB Mike Martin 0-0: Ball
1-0: Called Strike
1-1: SINGLE (Flyball, 78S)
Batting: LHB Arturo Rodledo 0-0: Foul Ball, location: 2F
0-1: Called Strike
0-2: Ball
1-2: 2-RUN HOME RUN (Flyball, 9LD), Distance : 361 ft
Batting: LHB Luis Torres 0-0: Called Strike
0-1: Swinging Strike
0-2: Ball
1-2: Ball
2-2: SINGLE (Groundball, 4MS) (infield hit)
Pinch Runner at 1st Nick Crosby:
Batting: RHB Frank Martínez Pickoff Throw to First - Out!
0-0: Ball
1-0: SINGLE (Line Drive, 6M)
Batting: RHB Alberto Soto 0-0: Ball
1-0: Fly out, F7 (Line Drive, 7)
Batting: SHB Ed Dundee 0-0: Ball
1-0: Foul Ball, location: 2F
1-1: Ball
2-1: Ball
3-1: Ground out U3 (Groundball, 34)
Bottom of the 4th over - 2 run(s), 4 hit(s), 0 error(s), 1 left on base; Saskatoon 3 - Colorado 2
TOP OF THE 5TH
Saskatoon Smokin' Guns batting - Pitching for Colorado Commanders : LHP Manuel Reyes
Now in RF: Nick Crosby
Batting: LHB Bo Rush 0-0: Foul Ball, location: 2F
0-1: SINGLE (Groundball, 6D)
Batting: RHB Rafael Gonzáles 0-0: Swinging Strike
0-1: Swinging Strike
0-2: Foul Ball, location: 2F
0-2: Strikes out swinging
Batting: LHB Rubén Salazar 0-0: Called Strike
0-1: Swinging Strike
0-2: Strikes out swinging
Pitching: RHP Luis Chávez
Batting: LHB José Domínguez 0-0: Called Strike
0-1: Foul Ball, location: 2F
0-2: Hit by Pitch
Bo Rush to second
Batting: RHB Johnny Hawson 0-0: Called Strike
0-1: Called Strike
0-2: Ball
1-2: Foul Ball, location: 2F
1-2: Ground out 2-3 (Groundball, 2L)
Top of the 5th over - 0 run(s), 1 hit(s), 0 error(s), 2 left on base; Saskatoon 3 - Colorado 2
BOTTOM OF THE 5TH
Colorado Commanders batting - Pitching for Saskatoon Smokin' Guns : RHP José Fernández
Batting: RHB Adam Reeves 0-0: Fly out, F9 (Flyball, 9LD)
Batting: RHB Carl O'Dell 0-0: DOUBLE (Line Drive, 78XD)
Batting: RHB Tony Barton 0-0: Ball
1-0: Ground out 3-1 (Groundball, 34)
Carl O'Dell to third
Batting: RHB Mike Martin 0-0: Ball
1-0: Ball
2-0: Called Strike
2-1: SINGLE (Flyball, 7LM)
Carl O'Dell scores
Batting: LHB Arturo Rodledo 0-0: Called Strike
0-1: Ball
1-1: Called Strike
1-2: Ball
2-2: Strikes out looking
Bottom of the 5th over - 1 run(s), 2 hit(s), 0 error(s), 1 left on base; Saskatoon 3 - Colorado 3
TOP OF THE 6TH
Saskatoon Smokin' Guns batting - Pitching for Colorado Commanders : RHP Luis Chávez
Batting: RHB Artie Turner 0-0: Ball
1-0: Foul Ball, location: 2F
1-1: Foul Ball, location: 2F
1-2: Strikes out looking
Batting: RHB Pedro Cabrera 0-0: Ball
1-0: Ball
2-0: Ball
3-0: Called Strike
3-1: Foul Ball, location: 2F
3-2: Base on Balls
Batting: RHB Julián García 0-0: Ball
Pedro Cabrera is caught stealing 2nd base
1-0: SINGLE (Line Drive, 78S)
Batting: RHB Joaquín Luna 0-0: Called Strike
0-1: Called Strike
0-2: Strikes out swinging
Top of the 6th over - 0 run(s), 1 hit(s), 0 error(s), 1 left on base; Saskatoon 3 - Colorado 3
BOTTOM OF THE 6TH
Colorado Commanders batting - Pitching for Saskatoon Smokin' Guns : RHP José Fernández
Batting: RHB Nick Crosby 0-0: Ball
1-0: Ball
2-0: Called Strike
2-1: Ball
3-1: Foul Ball, location: 2F
3-2: Foul Ball, location: 2F
3-2: Fly out, F7 (Line Drive, 7)
Batting: RHB Frank Martínez 0-0: Ground out 4-3 (Groundball, 4)
Batting: RHB Alberto Soto 0-0: Swinging Strike
0-1: Ball
1-1: Foul Ball, location: 2F
1-2: Ball
2-2: Ball
3-2: Strikes out swinging
Bottom of the 6th over - 0 run(s), 0 hit(s), 0 error(s), 0 left on base; Saskatoon 3 - Colorado 3
TOP OF THE 7TH
Saskatoon Smokin' Guns batting - Pitching for Colorado Commanders : RHP Luis Chávez
Pitching: LHP Homer Bryan
Batting: LHB Bo Rush 0-0: Fly out, F8 (Flyball, 8RS)
Pinch Hitting: RHB Robbie Jenkins 0-0: Ball
1-0: Ball
2-0: Called Strike
2-1: Called Strike
2-2: Foul Ball, location: 2F
2-2: Strikes out swinging
Batting: LHB Rubén Salazar 0-0: Ball
1-0: Ball
2-0: Called Strike
2-1: Ball
3-1: Base on Balls
Pitching: RHP Domingo Cruz
Batting: LHB José Domínguez 0-0: Called Strike
0-1: Ball
1-1: Foul Ball, location: 2F
1-2: Strikes out swinging
Top of the 7th over - 0 run(s), 0 hit(s), 0 error(s), 1 left on base; Saskatoon 3 - Colorado 3
BOTTOM OF THE 7TH
Colorado Commanders batting - Pitching for Saskatoon Smokin' Guns : RHP José Fernández
Pitching: RHP Bernardo García
Now in CF: Jim Hall
Pinch Hitting: RHB Nick Vogel 0-0: Swinging Strike
0-1: Ball
1-1: Ball
2-1: Ball
3-1: Called Strike
3-2: Strikes out looking
Batting: RHB Adam Reeves 0-0: Called Strike
0-1: Ball
1-1: Ball
2-1: Ground out U3 (Groundball, 34S)
Pinch Hitting: RHB Carlos Hernández 0-0: Ball
1-0: Ball
2-0: Ball
3-0: Called Strike
3-1: Ground out 4-3 (Groundball, 4M)
Bottom of the 7th over - 0 run(s), 0 hit(s), 0 error(s), 0 left on base; Saskatoon 3 - Colorado 3
TOP OF THE 8TH
Saskatoon Smokin' Guns batting - Pitching for Colorado Commanders : RHP Domingo Cruz
Now in LF: Nick Vogel
Now in CF: Rafael López
Pinch Hitting: RHB Justin Geoghegan 0-0: Fly out, F5 (Popup, 5L)
Batting: RHB Artie Turner 0-0: Fly out, F1 (Line Drive, 13)
Batting: RHB Pedro Cabrera 0-0: Ball
1-0: Foul Ball, location: 2F
1-1: Ball
2-1: Ground out 3-1 (Groundball, 34S)
Top of the 8th over - 0 run(s), 0 hit(s), 0 error(s), 0 left on base; Saskatoon 3 - Colorado 3
BOTTOM OF THE 8TH
Colorado Commanders batting - Pitching for Saskatoon Smokin' Guns : RHP Bernardo García
Now at 3B: Justin Geoghegan
Pinch Hitting: RHB Roberto Rodríguez 0-0: Ball
1-0: Swinging Strike
1-1: Swinging Strike
1-2: Ball
2-2: Hit by Pitch
Batting: RHB Mike Martin 0-0: Ball
1-0: Called Strike
1-1: Ball
2-1: Ball
3-1: Called Strike
3-2: Foul Ball, location: 2F
3-2: Base on Balls
Roberto Rodríguez to second
Batting: LHB Arturo Rodledo 0-0: Called Strike
0-1: SINGLE (Flyball, 7S)
Roberto Rodríguez to third
Mike Martin to second
Runner from 3rd tries for Home, SAFE, no throw
Batting: RHB Nick Crosby 0-0: Called Strike
0-1: Foul Ball, location: 2F
0-2: Strikes out swinging
Batting: RHB Frank Martínez 0-0: SINGLE (Groundball, 34D)
Mike Martin to third
Arturo Rodledo to second
Runner from 3rd tries for Home, SAFE, no throw
Pitching: LHP Pedro González
Batting: RHB Alberto Soto 0-0: Foul Ball, location: 2F
0-1: Fly out, F6 (Popup, 6MD)
Batting: RHB Nick Vogel 0-0: Ball
1-0: Foul Ball, location: 2F
1-1: Ball
2-1: Ball
3-1: Foul Ball, location: 2F
3-2: Fly out, F9 (Flyball, 9D)
Bottom of the 8th over - 2 run(s), 2 hit(s), 0 error(s), 2 left on base; Saskatoon 3 - Colorado 5
TOP OF THE 9TH
Saskatoon Smokin' Guns batting - Pitching for Colorado Commanders : RHP Domingo Cruz
Pitching: RHP Ted Stuart
Now at 2B: Roberto Rodríguez
Batting: RHB Julián García 0-0: Ball
1-0: Fly out, F6 (Line Drive, 6M)
Batting: RHB Joaquín Luna 0-0: Swinging Strike
0-1: Swinging Strike
0-2: Strikes out looking and he ARGUES THE CALL AND IS TOSSED!
Batting: LHB Bo Rush 0-0: Called Strike
0-1: Ball
1-1: Ball
2-1: Fly out, F5 (Popup, 56)
Top of the 9th over - 0 run(s), 0 hit(s), 0 error(s), 0 left on base; Saskatoon 3 - Colorado 5
Tuesday, August 8th, 2017 - OOTP Baseball 17.12 Build 75